General information
- name: BNet
- type: Ladder team game (AT/RT)
- host: Battle.net
- saver: Teelo
map: Slalom
- players: 8
- length: 43:01
- speed: Fast
- version: 1.26 W3XP
- replay type: Public
» download(273 KB)
Players
team 1 (loser)
LordKail (
teal | 52 APM | 2239 actions | 42:59)
7 Keeper of the Grove
3 Entangling Roots
3 Thorns Aura
1 Tranquility
7 Priestess of the Moon
3 Searing Arrows
3 Trueshot Aura
1 Starfall
» actions
| Basic commands | 175 | |
| Build / train | 86 | |
| Enter build submenu | 29 | |
| Enter hero's abilities submenu | 14 | |
| Give item / drop item | 3 | |
| Right click | 1314 | |
| Select / deselect | 515 | |
| Use ability | 103 | |
2239 total
» units
| Wisp | 24 | |
| Huntress | 3 | |
| Dryad | 10 | |
| Druid of the Claw | 5 | |
| Hippogryph | 6 | |
48 total
» upgrades
| Strength of the Wild | 3 | |
| Reinforced Hides | 3 | |
| Ultravision | 1 | |
| Sentinel | 1 | |
| Abolish Magic | 1 | |
| Druid of the Claw Training | 2 | |
| Mark of the Claw | 1 | |
| Nature's Blessing | 1 | |
| Well Spring | 1 | |
14 total
» buildings
| Moon Well | 11 | |
| Altar of Elders | 1 | |
| Ancient of War | 1 | |
| Hunter's Hall | 1 | |
| Tree of Ages | 1 | |
| Ancient of Lore | 2 | |
| Tree of Life | 5 | |
| Tree of Eternity | 1 | |
| Ancient of Wonders | 1 | |
| Ancient of Wind | 1 | |
| Ancient Protector | 3 | |
28 total
» build order
00:23 Moon Well
00:39 Altar of Elders
01:01 Moon Well
01:48 Ancient of War
02:06 Hunter's Hall
02:46 Tree of Ages
03:02 Moon Well
04:16 Moon Well
06:23 Ancient of Lore
06:25 Ancient of Lore
07:32 Tree of Life
07:47 Tree of Eternity
07:51 Moon Well
08:32 Tree of Life
09:18 Moon Well
11:31 Ancient of Wonders
16:14 Ancient of Wind
18:53 Ancient Protector
18:56 Ancient Protector
18:59 Ancient Protector
19:15 Moon Well
23:42 Moon Well
25:50 Tree of Life
29:36 Tree of Life
29:42 Moon Well
32:35 Moon Well
33:12 Moon Well
41:35 Tree of Life
» items
| Periapt of Vitality | 2 | |
| Circlet of Nobility | 2 | |
| Boots of Speed | 1 | |
| Scroll of Town Portal | 1 | |
6 total

»
Kurdo (
red | 97 APM | 4168 actions | 42:47)
6 Pit Lord
3 Rain of Fire
2 Howl of Terror
1 Doom
6 Dark Ranger
2 Black Arrow
3 Silence
1 Charm
6 Naga Sea Witch
3 Frost Arrows
2 Forked Lightning
1 Tornado
» actions
| Assign group hotkey | 45 | |
| Basic commands | 2 | |
| Build / train | 120 | |
| ESC pressed | 2 | |
| Enter build submenu | 28 | |
| Enter hero's abilities submenu | 19 | |
| Give item / drop item | 4 | |
| Remove unit from queue | 1 | |
| Right click | 2033 | |
| Select / deselect | 844 | |
| Select group hotkey | 933 | |
| Use ability | 136 | |
4168 total
» units
| Wisp | 30 | |
| Archer | 8 | |
| Hippogryph | 19 | |
| Chimaera | 9 | |
66 total
» upgrades
| Reinforced Hides | 2 | |
| Nature's Blessing | 2 | |
| Sentinel | 1 | |
| Strength of the Wild | 1 | |
| Improved Bows | 1 | |
| Corrosive Breath | 1 | |
8 total
» buildings
| Ancient of War | 3 | |
| Moon Well | 9 | |
| Altar of Elders | 1 | |
| Tree of Life | 2 | |
| Hunter's Hall | 1 | |
| Ancient of Wonders | 1 | |
| Tree of Ages | 1 | |
| Ancient Protector | 5 | |
| Tree of Eternity | 1 | |
| Ancient of Wind | 1 | |
| Chimaera Roost | 3 | |
28 total
» build order
00:53 Ancient of War
00:58 Moon Well
01:35 Altar of Elders
02:10 Moon Well
03:12 Moon Well
04:45 Tree of Life
05:33 Hunter's Hall
06:17 Ancient of Wonders
06:43 Moon Well
06:45 Tree of Ages
07:46 Ancient Protector
07:48 Ancient Protector
08:29 Ancient Protector
08:32 Ancient Protector
08:53 Ancient Protector
09:27 Ancient of War
09:29 Ancient of War
10:15 Tree of Eternity
10:19 Ancient of Wind
11:48 Moon Well
12:47 Chimaera Roost
12:48 Chimaera Roost
12:50 Chimaera Roost
15:48 Moon Well
17:47 Moon Well
18:56 Moon Well
23:08 Moon Well
24:12 Tree of Life
» items
| Lesser Clarity Potion | 1 | |
| Moonstone | 1 | |
| Dust of Appearance | 1 | |
| Scroll of Town Portal | 2 | |
| Potion of Healing | 3 | |
| Staff of Preservation | 1 | |
| Orb of Venom | 1 | |
10 total

»
lJustWannaPlay (
blue | 50 APM | 859 actions | 17:12)
4 Dark Ranger
2 Black Arrow
2 Silence
» actions
| Assign group hotkey | 25 | |
| Basic commands | 20 | |
| Build / train | 77 | |
| Enter build submenu | 21 | |
| Enter hero's abilities submenu | 4 | |
| Remove unit from queue | 9 | |
| Right click | 194 | |
| Select / deselect | 252 | |
| Select group hotkey | 215 | |
| Use ability | 42 | |
859 total
» units
| Wisp | 37 | |
| Archer | 7 | |
| Druid of the Claw | 3 | |
| Glaive Thrower | 2 | |
49 total
» upgrades
| Strength of the Wild | 3 | |
| Reinforced Hides | 2 | |
| Druid of the Talon Training | 2 | |
| Druid of the Claw Training | 2 | |
| Mark of the Claw | 1 | |
| Abolish Magic | 1 | |
| Vorpal Blades | 1 | |
12 total
» buildings
| Ancient of War | 1 | |
| Moon Well | 8 | |
| Altar of Elders | 1 | |
| Tree of Ages | 1 | |
| Hunter's Hall | 2 | |
| Tree of Eternity | 1 | |
| Ancient of Wind | 1 | |
| Tree of Life | 1 | |
| Ancient Protector | 3 | |
| Ancient of Lore | 3 | |
22 total
» build order
00:13 Ancient of War
00:19 Moon Well
01:23 Moon Well
01:34 Altar of Elders
02:43 Moon Well
03:39 Tree of Ages
04:41 Hunter's Hall
06:17 Tree of Eternity
06:20 Ancient of Wind
07:39 Moon Well
07:43 Tree of Life
08:08 Ancient Protector
08:10 Ancient Protector
08:15 Ancient Protector
09:17 Ancient of Lore
09:18 Ancient of Lore
09:22 Ancient of Lore
12:45 Moon Well
16:16 Moon Well
16:19 Moon Well
16:36 Hunter's Hall
16:46 Moon Well
Mr_B (
yellow | 27 APM | 1145 actions | 42:53)
5 Archmage
2 Summon Water Elemental
3 Blizzard
1 Dark Ranger
1 Black Arrow
» actions
| Build / train | 110 | |
| Enter build submenu | 46 | |
| Enter hero's abilities submenu | 6 | |
| Right click | 401 | |
| Select / deselect | 515 | |
| Use ability | 67 | |
1145 total
» units
| Peasant | 14 | |
| Footman | 10 | |
| Siege Engine | 17 | |
| Knight | 16 | |
| Dryad | 1 | |
| Flying Machine | 20 | |
| Frost Revenant | 1 | |
79 total
» upgrades
| Defend | 1 | |
| Swords | 2 | |
| Barrage | 1 | |
| Animal War Training | 1 | |
| Plating | 1 | |
| Gunpowder | 2 | |
| Lumber Harvesting | 2 | |
| Flak Cannons | 1 | |
11 total
» buildings
| Farm | 19 | |
| Altar of Kings | 1 | |
| Barracks | 2 | |
| Keep | 1 | |
| Lumber Mill | 1 | |
| Blacksmith | 1 | |
| Castle | 1 | |
| Workshop | 2 | |
| Town Hall | 3 | |
| Scout Tower | 11 | |
| Arcane Tower | 2 | |
| Guard Tower | 9 | |
53 total
» build order
00:27 Farm
01:07 Farm
01:11 Altar of Kings
01:42 Barracks
01:50 Farm
02:30 Farm
02:51 Barracks
02:57 Keep
03:12 Farm
03:49 Farm
04:11 Lumber Mill
04:58 Farm
05:50 Blacksmith
05:56 Castle
07:14 Workshop
07:48 Town Hall
08:03 Scout Tower
08:10 Scout Tower
08:40 Arcane Tower
08:42 Guard Tower
08:47 Scout Tower
08:51 Scout Tower
10:09 Guard Tower
10:16 Arcane Tower
12:55 Scout Tower
13:15 Farm
13:27 Scout Tower
13:30 Guard Tower
13:48 Scout Tower
14:04 Farm
14:22 Guard Tower
14:33 Guard Tower
15:04 Scout Tower
15:42 Guard Tower
15:45 Scout Tower
16:18 Guard Tower
16:26 Scout Tower
16:30 Farm
17:12 Guard Tower
17:16 Scout Tower
18:38 Guard Tower
18:45 Farm
20:43 Town Hall
26:39 Farm
26:46 Farm
27:32 Farm
28:39 Town Hall
30:02 Farm
30:51 Farm
32:32 Workshop
35:01 Farm
35:45 Farm
36:30 Farm
team 2 (winner)
siegexengine (
green | 60 APM | 2565 actions | 42:59)
10 Archmage
3 Blizzard
3 Brilliance Aura
1 Mass Teleport
3 Summon Water Elemental
4 Blademaster
2 Critical Strike
1 Wind Walk
1 Mirror Image
» actions
| Assign group hotkey | 13 | |
| Basic commands | 105 | |
| Build / train | 153 | |
| Enter build submenu | 39 | |
| Enter hero's abilities submenu | 14 | |
| Right click | 1202 | |
| Select / deselect | 442 | |
| Select group hotkey | 406 | |
| Use ability | 191 | |
2565 total
» units
| Peasant | 21 | |
| Siege Engine | 61 | |
| Wind Rider | 20 | |
| Shaman | 2 | |
104 total
» upgrades
| Plating | 3 | |
| Gunpowder | 3 | |
| Lumber Harvesting | 2 | |
| Shaman Training | 2 | |
| Barrage | 1 | |
| Masonry | 1 | |
| Ranged Weapons | 1 | |
13 total
» buildings
| Lumber Mill | 1 | |
| Farm | 18 | |
| Altar of Kings | 2 | |
| Keep | 6 | |
| Blacksmith | 2 | |
| Castle | 3 | |
| Workshop | 9 | |
| Town Hall | 5 | |
| Arcane Vault | 1 | |
| Orc Burrow | 3 | |
50 total
» build order
00:24 Lumber Mill
00:54 Farm
02:02 Altar of Kings
02:05 Keep
02:05 Keep
02:06 Keep
02:17 Farm
02:20 Farm
02:54 Blacksmith
02:58 Farm
04:28 Castle
04:28 Castle
05:15 Workshop
05:17 Workshop
05:35 Farm
05:36 Farm
07:52 Town Hall
08:31 Farm
08:32 Farm
08:33 Farm
10:26 Farm
12:41 Workshop
12:54 Arcane Vault
13:56 Farm
14:40 Farm
14:40 Farm
14:41 Farm
16:35 Orc Burrow
16:36 Orc Burrow
16:37 Orc Burrow
18:15 Workshop
18:17 Workshop
24:07 Town Hall
26:14 Town Hall
28:36 Keep
30:35 Blacksmith
31:02 Altar of Kings
32:13 Castle
32:16 Workshop
32:17 Workshop
32:36 Town Hall
33:22 Workshop
33:24 Workshop
34:33 Farm
34:35 Farm
34:35 Farm
35:22 Farm
39:06 Town Hall
» items
| Healing Salve | 2 | |
| Scroll of Speed | 1 | |
| Boots of Speed | 1 | |
| Potion of Lesser Invulnerability | 1 | |
| Scroll of Town Portal | 4 | |
| Orb of Lightning | 1 | |
10 total

»
rc60 (
purple | 49 APM | 518 actions | 10:40)
3 Blademaster
2 Wind Walk
1 Critical Strike
» actions
| Assign group hotkey | 16 | |
| Basic commands | 2 | |
| Build / train | 27 | |
| Enter build submenu | 14 | |
| Enter hero's abilities submenu | 3 | |
| Give item / drop item | 1 | |
| Right click | 268 | |
| Select / deselect | 56 | |
| Select group hotkey | 96 | |
| Use ability | 35 | |
518 total
» units
» upgrades
| Ranged Weapons | 1 | |
| Armor | 1 | |
| Spiked Barricades | 1 | |
3 total
» buildings
| Altar of Storms | 1 | |
| Orc Burrow | 1 | |
| Voodoo Lounge | 2 | |
| War Mill | 1 | |
| Great Hall | 1 | |
| Watch Tower | 5 | |
| Stronghold | 1 | |
| Fortress | 1 | |
| Spirit Lodge | 1 | |
14 total
» build order
00:09 Altar of Storms
00:11 Orc Burrow
00:24 Voodoo Lounge
01:36 War Mill
05:26 Great Hall
05:36 Watch Tower
05:41 Voodoo Lounge
05:51 Stronghold
06:49 Watch Tower
06:54 Watch Tower
07:44 Watch Tower
07:47 Watch Tower
08:18 Fortress
09:07 Spirit Lodge
» items
| Lesser Clarity Potion | 2 | |
| Healing Salve | 2 | |
| Boots of Speed | 1 | |
5 total

»
Teelo (
orange | 63 APM | 2726 actions | 43:01)
10 Tauren Chieftain
3 War Stomp
3 Endurance Aura
1 Reincarnation
3 Shockwave
» actions
| Assign group hotkey | 304 | |
| Basic commands | 196 | |
| Build / train | 105 | |
| ESC pressed | 7 | |
| Enter build submenu | 53 | |
| Enter hero's abilities submenu | 11 | |
| Remove unit from queue | 1 | |
| Right click | 1071 | |
| Select / deselect | 292 | |
| Select group hotkey | 506 | |
| Use ability | 180 | |
2726 total
» units
| Peon | 22 | |
| Shaman | 4 | |
| Troll Witch Doctor | 3 | |
| Tauren | 18 | |
| Troll Batrider | 2 | |
49 total
» upgrades
| Spiked Barricades | 4 | |
| Armor | 5 | |
| Shaman Training | 2 | |
| Witch Doctor Training | 2 | |
| Ranged Weapons | 1 | |
| Melee Weapons | 3 | |
| Reinforced Defenses | 2 | |
| Pulverize | 1 | |
20 total
» buildings
| Orc Burrow | 6 | |
| Altar of Storms | 1 | |
| War Mill | 1 | |
| Voodoo Lounge | 4 | |
| Watch Tower | 27 | |
| Stronghold | 3 | |
| Fortress | 1 | |
| Spirit Lodge | 2 | |
| Beastiary | 4 | |
| Great Hall | 3 | |
| Tauren Totem | 4 | |
56 total
» build order
00:20 Orc Burrow
00:38 Altar of Storms
01:06 War Mill
01:47 Voodoo Lounge
02:14 Orc Burrow
03:16 Watch Tower
03:18 Watch Tower
03:32 Watch Tower
03:33 Watch Tower
03:37 Watch Tower
04:06 Watch Tower
04:32 Stronghold
05:03 Watch Tower
05:04 Watch Tower
05:09 Watch Tower
05:09 Watch Tower
05:31 Watch Tower
06:48 Watch Tower
06:55 Fortress
07:13 Watch Tower
07:32 Watch Tower
07:56 Watch Tower
08:22 Watch Tower
08:33 Spirit Lodge
08:36 Spirit Lodge
09:04 Watch Tower
09:06 Watch Tower
09:23 Orc Burrow
10:10 Watch Tower
10:16 Voodoo Lounge
10:23 Watch Tower
10:53 Stronghold
11:17 Beastiary
11:18 Beastiary
11:19 Beastiary
11:20 Beastiary
11:27 Voodoo Lounge
12:46 Great Hall
13:29 Watch Tower
14:56 Voodoo Lounge
14:57 Watch Tower
15:42 Tauren Totem
15:43 Tauren Totem
15:44 Tauren Totem
15:45 Tauren Totem
18:22 Orc Burrow
18:22 Orc Burrow
18:23 Orc Burrow
21:30 Great Hall
21:52 Watch Tower
29:52 Stronghold
34:37 Great Hall
34:39 Watch Tower
34:39 Watch Tower
34:40 Watch Tower
34:41 Watch Tower
» items
| Healing Salve | 5 | |
| Lesser Clarity Potion | 5 | |
| Scroll of Speed | 1 | |
| Potion of Healing | 7 | |
| Orb of Lightning | 1 | |
| Scroll of Town Portal | 1 | |
20 total
BowJob- (
pink | 46 APM | 1959 actions | 42:59)
6 Warden
3 Shadow Strike
2 Blink
1 Spirit of Vengeance
8 Priestess of the Moon
3 Searing Arrows
3 Trueshot Aura
1 Starfall
1 Scout
1 Blademaster
1 Bladestorm
» actions
| Build / train | 84 | |
| Enter build submenu | 24 | |
| Enter hero's abilities submenu | 18 | |
| Give item / drop item | 4 | |
| Right click | 1270 | |
| Select / deselect | 488 | |
| Use ability | 71 | |
1959 total
» units
| Wisp | 20 | |
| Hippogryph | 11 | |
| Chimaera | 10 | |
| Wind Rider | 3 | |
| Peon | 4 | |
| Troll Batrider | 3 | |
51 total
» upgrades
| Reinforced Hides | 3 | |
| Strength of the Wild | 4 | |
| Corrosive Breath | 1 | |
| Envenomed Spears | 1 | |
| Liquid Fire | 1 | |
10 total
» buildings
| Moon Well | 9 | |
| Altar of Elders | 1 | |
| Tree of Ages | 1 | |
| Hunter's Hall | 1 | |
| Ancient of Wind | 1 | |
| Ancient of Wonders | 1 | |
| Tree of Eternity | 1 | |
| Tree of Life | 2 | |
| Chimaera Roost | 3 | |
| Orc Burrow | 5 | |
25 total
» build order
00:20 Moon Well
00:35 Altar of Elders
00:55 Moon Well
03:00 Tree of Ages
03:04 Hunter's Hall
03:07 Moon Well
05:33 Ancient of Wind
05:37 Ancient of Wonders
05:41 Moon Well
06:12 Tree of Eternity
06:19 Tree of Life
08:48 Chimaera Roost
08:51 Chimaera Roost
08:53 Chimaera Roost
09:09 Moon Well
09:13 Moon Well
12:48 Orc Burrow
13:14 Orc Burrow
14:05 Orc Burrow
17:15 Orc Burrow
17:18 Orc Burrow
21:23 Moon Well
21:25 Moon Well
21:29 Moon Well
32:32 Tree of Life
» items
| Healing Salve | 1 | |
| Scroll of Town Portal | 1 | |
| Orb of Venom | 1 | |
| Scroll of Healing | 1 | |
4 total
Chat log
(00:24 / Allies) BowJob-: units?
(00:30 / Allies) siegexengine: tanks
(00:34 / Allies) Teelo: taurn
(00:42 / Allies) BowJob-: ill get chims and hipps
(00:50 / Allies) Teelo: creep together please
(00:51 / Allies) rc60: bats wyvs
(01:12 / Allies) BowJob-: every1 stay together
(01:25 / Allies) BowJob-: and we can creep whole map
(01:46 / Allies) BowJob-: u towering mid oj?
(01:55 / Allies) Teelo: no but probably not a bad idea to
(02:16 / Allies) BowJob-: green if u wanna help tower mid u guys can
(02:17 / Allies) Teelo: guess I will then
(02:24 / Allies) siegexengine: i wont tower
(02:48 / Allies) Teelo: bring heros
(03:31 / Allies) rc60: ya get b oj
(03:34 / Allies) rc60: i will creep that
(03:38 / Allies) rc60: then tower it
(03:44 / Allies) Teelo: mhmm
(04:00 / Allies) rc60: gonna expo here
(04:09 / Allies) rc60: you guys expo those asap
(04:26 / Allies) Teelo: red ones first
(05:57 / Allies) Teelo: expo that someone
(06:09 / Allies) BowJob-: got it
(07:20 / Allies) BowJob-: oj u get this expo
(08:00 / Allies) BowJob-: oj expo it
(08:10 / Allies) Teelo: yup
(08:58 / Allies) Teelo: hel;p me creep it?
(09:55 / Allies) BowJob-: green mass tanks at one spot then send them
(10:04 / Allies) Teelo: can someone help me creep this?
(10:07 / Allies) BowJob-: dont send 2 at a time
(10:40 / Allies) siegexengine: make sure
(10:40 / Allies) Teelo: dont think I can control air and tauren
(10:41 / Allies) siegexengine: to revive his hero
(10:42 / Allies) BowJob-: wyvs'
(10:45 / Allies) siegexengine: god he have al lot of gold
(11:49 / Allies) BowJob-: omfg
(11:58 / Allies) BowJob-: green CAN U SEE WHAT IM TYPING??????
(12:10 / Allies) siegexengine: why dont you hit ?
(12:18 / Allies) siegexengine: give a distraction for tanks to do their job
(12:20 / Allies) BowJob-: STOP SENDING 2 AT A TIME
(17:22 / Allies) siegexengine: food for chims
(17:46 / Allies) siegexengine: focus bears jesus
(17:52 / Allies) siegexengine: foget the heroes
(17:59 / Allies) siegexengine: FOCUS THE FUCKING BEARS
(18:03 / Allies) siegexengine: what a waste
(18:43 / Allies) BowJob-: I CANT FUCKING FOCUS ON BEARS BECUZ OF DRYADS
(18:49 / Allies) BowJob-: NO FUCKING MELEE
(18:52 / Allies) siegexengine: yes you can
(18:59 / Allies) siegexengine: you colud have raped all those bears
(19:06 / Allies) siegexengine: instead you waste dps on heroes
(19:25 / Allies) BowJob-: WHERE ARE THE FUKING TAUREN OJ
(20:24 / Allies) BowJob-: b
(20:24 / Allies) BowJob-: b
(20:25 / Allies) BowJob-: b
(22:07 / Allies) BowJob-: attack with tanks
(22:26 / Allies) siegexengine: tanks have been attacking allth etime
(24:52 / Allies) BowJob-: attack main green
(25:01 / Allies) BowJob-: 3 tanks
(26:06 / Allies) siegexengine: use that bm
(26:10 / Allies) Teelo: ok
(27:40 / Allies) siegexengine: HWY TP IDIOT
(28:15 / Allies) Teelo: wtf
(28:16 / Allies) Teelo: we had this
(28:18 / Allies) Teelo: what happened
(28:23 / Allies) siegexengine: idiot pink tp'd
(28:33 / Allies) BowJob-: LOL MY CHIMS HAD 0 HP
(28:42 / Allies) siegexengine: buy some scrolls
(28:44 / Allies) siegexengine: u have 3k gold
(29:27 / Allies) BowJob-: if u guys stick with me we win but dryads fuck my chims
(29:41 / Allies) Teelo: let me rebuild and then yes
(29:43 / Allies) Teelo: they have no mines
(29:47 / Allies) Teelo: they cant get more forces
(29:47 / Allies) Teelo: we can
(29:57 / Allies) siegexengine: theyh hav 1 mine
(29:59 / Allies) siegexengine: red does
(30:10 / Allies) Teelo: go kill it with the chims then
(30:57 / Allies) Teelo: anyone have anything that can kill teh chims
(31:05 / Allies) BowJob-: i doz
(31:31 / Allies) Teelo: go
(31:33 / Allies) Teelo: klill the chims
(32:22 / Allies) siegexengine: wood me
(32:39 / Allies) siegexengine: ty
(34:42 / Allies) siegexengine: pumping tanks again
(41:53 / All) Kurdo: teelo the virgin
(41:57 / All) Teelo: lol
(41:58 / All) Kurdo: teelo
(42:07 / All) Kurdo: can u post this?
(42:13 / All) Teelo: do I know you?
(42:14 / All) Kurdo: to show how u struggle 3vs4?
(42:25 / All) Kurdo: please do it at highperch
(42:35 / All) Teelo: you're aware one of my allies left ages ago?
(42:39 / All) Teelo: and it has been 3v3
(42:44 / All) Kurdo: and put im pro during 3vs4 games
(42:46 / All) Kurdo: LOL
(42:52 / All) Teelo: and I am playing on 2k ms latency so how the fuck did I manage to stomp you